 Dungeon Crawl Stone Soup version 0.25-a0-322-g3677130cb1 (webtiles) character file.

Game seed: 6692239521210856756, levelgen mode: deterministic

245 roguesci the Ruffian (level 6, -2/52 HPs)
             Began as a Naga Transmuter on Dec 27, 2019.
             Slain by a sky beast (6 damage)
             ... on level 6 of the Dungeon.
             The game lasted 00:07:50 (4311 turns).

roguesci the Ruffian (Naga Transmuter)              Turns: 4311, Time: 00:07:51

Health: -2/52      AC:  3    Str: 20      XL:     6   Next: 10%
Magic:  2/9        EV: 10    Int: 17 (18) God:
Gold:   203        SH:  0    Dex: 11      Spells: 6/10 levels left

rFire    . . .     SeeInvis +     - Unarmed
rCold    . . .     Gourm    .   (no shield)
rNeg     . . .     Faith    .   b - +0 robe
rPois    +         Spirit   .   (no helmet)
rElec    .         Reflect  .   (no cloak)
rCorr    .         Harm     .   (no gloves)
MR       .....                  (no barding)
Stlth    +.........             (no amulet)
HPRegen  0.17/turn              (no ring)
MPRegen  0.11/turn              (no ring)

@: mighty, brilliant, short of breath, flying, very slightly contaminated,
hasted, invisible, quick
A: large, see invisible, deformed body, poison resistance, slowness 2, slow
metabolism 1, spit poison 1, AC +2
a: Spit Poison


You were on level 6 of the Dungeon.
You were hungry.

You visited 1 branch of the dungeon, and saw 4 of its levels.

You collected 203 gold pieces.

Inventory:

Missiles
 a - 12 arrows
 i - 40 stones (quivered)
Armour
 b - a +0 robe (worn)
Jewellery
 r - an uncursed ring of poison resistance {unknown}
 u - an uncursed ring of fire {unknown}
Wands
 m - a wand of iceblast (8)
Scrolls
 c - 8 scrolls of identify {unknown}
 f - a scroll of immolation {unknown}
 h - a scroll of fog {unknown}
 j - a scroll of noise {unknown}
 k - a scroll of enchant armour {unknown}
 l - 2 scrolls of remove curse {unknown}
 n - 2 scrolls of magic mapping {unknown}
 s - a scroll of teleportation {unknown}
 t - 3 scrolls of enchant weapon {unknown}
Potions
 p - a potion of flight
Comestibles
 d - 4 rations


   Skills:
 + Level 2.1 Fighting
 - Level 1.0 Armour
 + Level 2.1 Dodging
 * Level 4.0 Unarmed Combat
 + Level 2.6 Spellcasting
 * Level 3.1 Transmutations
 * Level 2.9 Poison Magic


You had 6 spell levels left.
You knew the following spells:

 Your Spells              Type           Power        Failure   Level  Hunger
a - Beastly Appendage     Tmut           ###...       1%          1    #......
b - Spider Form           Tmut/Pois      ###.......   1%          3    ###....

Your spell library contained the following spells:

 Spells                   Type           Power        Failure   Level  Hunger
 Sticks to Snakes         Tmut           ###.....     1%          2    ##.....
 Ice Form                 Ice/Tmut       ###.....     11%         4    #####..
 Blade Hands              Tmut           ###.......   14%         5    ######.


Dungeon Overview and Level Annotations

Branches:
Dungeon (3/15)

Altars:
Uskayaw


Innate Abilities, Weirdness & Mutations

You cannot wear boots.
Your serpentine skin is tough. (AC +2)
You have supernaturally acute eyesight. (SInv)
Armour fits poorly on your strangely shaped body.
Your system is resistant to poisons. (rPois)
You cover ground very slowly.
You have a slow metabolism.
You can spit poison.


Message History

The sky beast is severely wounded.
The gnoll hits you.
* * * LOW HITPOINT WARNING * * *
Casting: Spider Form (safe; 1% risk of failure)
Confirm with . or Enter, or press ? or * to list all spells.
You don't have enough magic to cast that spell.
You miss the sky beast.
The sky beast is severely wounded.
The sky beast hits you but does no damage.
Press: ? - help, Shift-Dir - straight line, f - gnoll
Aim: a gnoll The splash of poison misses the gnoll.
You feel slightly more hungry. The gnoll closely misses you.
The sky beast closely misses you.
You closely miss the gnoll. The gnoll misses you.
You hit the gnoll. You punch the gnoll!
The gnoll is almost dead.
The sky beast hits you.
* * * LOW HITPOINT WARNING * * *
The sky beast shocks you.
You die...

#........#
##........
###.........
...........
...........
#...... ..#
##.....##.#
#.#.#.#Y#.#
.......g@.#
#.#.#.#.###
.........#
.#.#.#.#.##
..........#
.#.#.#.#.##
.........#
#>#.#.#.##
....O....


You could see a sky beast and a gnoll.

Vanquished Creatures
  An ogre (D:6)
  Terence (D:3)
  Robin (D:3)
  2 gnolls (D:6)
  3 adders (D:2)
  An adder skeleton (D:6)
  3 worms
  A dart slug (D:1)
  2 leopard geckos
  2 ball pythons
  2 giant cockroaches
  13 goblins
  5 hobgoblins
  6 jackals
  A quokka (D:3)
  7 bats
  4 kobolds
  A leopard gecko zombie (D:3)
  3 rats
59 creatures vanquished.

Notes
Turn   | Place    | Note
-------+----------+-------------------------------------------
     0 | D:1      | roguesci the Naga Transmuter began the quest for the Orb.
     0 | D:1      | Reached XP level 1. HP: 18/18 MP: 3/3
   458 | D:1      | Reached XP level 2. HP: 14/25 MP: 3/5
   854 | D:1      | HP: 1/25 [dart slug (2)]
  1504 | D:2      | Reached XP level 3. HP: 6/31 MP: 3/6
  1748 | D:2      | Learned a level 3 spell: Spider Form
  1786 | D:2      | Found a hide-covered altar of Uskayaw.
  1792 | D:2      | Noticed a +0 hand axe
  1941 | D:2      | Noticed a +0 dagger
  2599 | D:2      | Reached skill level 1 in Poison Magic
  2704 | D:2      | Reached XP level 4. HP: 36/38 MP: 7/7
  3608 | D:3      | Reached skill level 1 in Armour
  3657 | D:3      | Noticed Robin
  3668 | D:3      | Killed Robin
  4115 | D:3      | Noticed Terence
  4126 | D:3      | Killed Terence
  4126 | D:3      | Reached XP level 5. HP: 32/45 MP: 5/8
  4271 | D:3      | You fall into a shaft and drop 3 floors!
  4277 | D:6      | Noticed an ogre
  4278 | D:6      | Noticed a sky beast
  4300 | D:6      | Killed an ogre
  4300 | D:6      | Reached skill level 4 in Unarmed Combat
  4300 | D:6      | Reached XP level 6. HP: 9/52 MP: 1/9
  4311 | D:6      | Slain by a sky beast

Levels and vault maps discovered:
D:1:      dpeg_arrival_line_fractal, layout_basic
D:2:      layout_basic, dancing_weapons_uskayaw
D:3:      layout_basic, uniq_terence, uniq_robin
D:6:      layout_cave_pods, grunt_temple_overflow_open, gammafunk_ghost_icy,
          st_stairs_11

Skill      XL: |  1  2  3  4  5 |
---------------+----------------+-----
Poison Magic   | 1 2 |  2.9
Armour         | 1 |  1.0
Fighting       | 2 |  2.1
Dodging        | 2 |  2.1
Unarmed Combat | 4 |  4.0
Transmutations | 3 |  3.1
Spellcasting   | |  2.6

Action                   |  1- 3 |  4- 6 || total
-------------------------+-------+-------++-------
Melee: Unarmed           |   124 |    84 ||   208
       Headbutt          |     2 |       ||     2
       Punch             |       |     2 ||     2
 Cast: Beastly Appendage |    10 |       ||    10
       Spider Form       |     5 |     9 ||    14
 Abil: Spit Poison       |    10 |     4 ||    14
  Use: Potion            |     1 |     6 ||     7
 Stab: Sleeping          |     1 |       ||     1
       Invisible         |       |     1 ||     1
  Eat: Chunk             |     6 |     5 ||    11
Armor: Robe              |    21 |     3 ||    24
       Skin              |     3 |     6 ||     9
Dodge: Dodged            |    84 |    66 ||   150

Table legend:
 A = Non-vault XP
 B = Vault XP
 C = Vault XP percentage of total XP
 D = Non-vault monster count
 E = Vault monster count
 F = Vault count percentage of total count
                 A         B        C        D         E       F
            +---------+---------+-------+---------+---------+-------
      Total |     150 |     201 |  57.3 |      45 |      14 |  23.7
            +---------+---------+-------+---------+---------+-------
        D:1 |      21 |       0 |   0.0 |      10 |       0 |   0.0
        D:2 |      79 |       0 |   0.0 |      23 |       0 |   0.0
        D:3 |      22 |      71 |  76.3 |      10 |      12 |  54.5
        D:6 |      28 |     130 |  82.3 |       2 |       2 |  50.0
            +---------+---------+-------+---------+---------+-------
